 Dungeon Crawl Stone Soup version 0.23.1 (webtiles) character file.

Game seed: 6010819290410396240

65 Borgoz the Sneak (level 4, -9/35 HPs)
             Began as a Ghoul Enchanter on Mar 14, 2019.
             Killed by divine providence
             ... invoked by an orc priest
              (12 damage)
             ... on level 3 of the Dungeon.
             The game lasted 00:03:30 (1750 turns).

Borgoz the Sneak (Ghoul Enchanter)                  Turns: 1750, Time: 00:03:31

Health: -9/35      AC:  6    Str: 11    XL:     4   Next: 13%
Magic:  1/5        EV: 12    Int: 15    God:
Gold:   84         SH:  0    Dex: 10    Spells: 3/6 levels left

rFire    . . .     SeeInvis .   a - +1 dagger
rCold    + . .     Gourm    .   (no shield)
rNeg     + + +     Faith    .   b - +0 robe
rPois    ∞         Spirit   .   c - +0 helmet
rElec    .         Reflect  .   (no cloak)
rCorr    .         Harm     .   (no gloves)
MR       .....                  (no boots)
Stlth    ++........             (no amulet)
HPRegen  0.00/turn              m - +3 ring of protection
MPRegen  0.09/turn              (no ring)

@: brilliant, rotting
A: rotting body, claws 1, carnivore, cold resistance 1, negative energy
resistance 3, inhibited regeneration, torment resistance, unbreathing
a: no special abilities


You were on level 3 of the Dungeon.
You were not hungry.

You visited 1 branch of the dungeon, and saw 3 of its levels.

You collected 84 gold pieces.

Inventory:

Hand Weapons
 a - a +1 dagger (weapon)
Armour
 b - a +0 robe (worn)
 c - a +0 helmet (worn)
Jewellery
 l - an uncursed ring of ice
 m - a +3 ring of protection (left claw)
Scrolls
 f - 2 scrolls of teleportation
 h - a scroll of amnesia {unknown}
 i - a scroll of immolation {unknown}
 j - a scroll of identify {unknown}
 n - a scroll of magic mapping {unknown}
Comestibles
 d - 4 rations


   Skills:
 + Level 1.4 Fighting
 * Level 2.1 Short Blades
 + Level 1.3 Armour
 + Level 2.3 Dodging
 - Level 3.2 Stealth
 - Level 1.8 Spellcasting
 - Level 2.4 Hexes


You had 3 spell levels left.
You knew the following spells:

 Your Spells              Type           Power        Failure   Level  Hunger
a - Corona                Hex            ###....      1%          1    ##.....
b - Ensorcelled Hibernat  Hex/Ice        ##....       2%          2    ###....

Your spell library contained the following spells:

 Spells                   Type           Power        Failure   Level  Hunger
 Confuse                  Hex            ###.....     3%          3    ####...
 Tukima's Dance           Hex            ###.....     3%          3    ####...
 Dazzling Spray           Conj/Hex       ##....       4%          3    ####...


Dungeon Overview and Level Annotations

Branches:
Dungeon (3/15)

Altars:
Okawaru
Ru


Innate Abilities, Weirdness & Mutations

Your body is rotting away.
You thrive on raw meat.
You are immune to poison.
You have sharp fingernails.
You are carnivorous and can eat meat at any time.
Your flesh is cold resistant. (rC+)
You are immune to negative energy. (rN+++)
You do not regenerate when monsters are visible.
You are immune to unholy pain and torment.
You can survive without breathing.


Message History

You hit the orc.
You kill the orc!
The orc priest barely misses you.
Things that are here:
a +0 hand axe; a +0 ring mail; an orc corpse You closely miss the orc priest.
The orc priest hits you with a +0 club.
* * * LOW HITPOINT WARNING * * *
You closely miss the orc priest.
The orc priest hits you but does no damage.
You barely miss the orc priest.
The orc priest hits you but does no damage.
Okay, then.
You hit the orc priest but do no damage.
The orc priest hits you but does no damage.
You closely miss the orc priest. You hit the orc priest.
The orc priest is lightly wounded.
The orc priest mumbles some strange prayers to Beogh against you.
Beogh smites you!
You die...

#.##.#.#
#....(.#
####.### #.# #.#
#.# #.#
#########.#
#@........#
#.....o#########
####.### ... ###


You could see an orc priest.

Vanquished Creatures
  An adder (D:2)
  An ooze (D:3)
  A worm (D:2)
  2 orcs (D:3)
  A giant cockroach (D:1)
  6 goblins
  9 hobgoblins
  9 bats
  2 frilled lizards (D:1)
  7 kobolds
  5 rats
44 creatures vanquished.

Notes
Turn   | Place    | Note
-------+----------+-------------------------------------------
     0 | D:1      | Borgoz the Ghoul Enchanter began the quest for the Orb.
     0 | D:1      | Reached XP level 1. HP: 14/14 MP: 2/2
    46 | D:1      | Reached skill level 1 in Short Blades
   219 | D:1      | Reached XP level 2. HP: 21/22 MP: 3/3
   228 | D:1      | Learned a level 2 spell: Ensorcelled Hibernation
   498 | D:1      | Reached skill level 1 in Fighting
   617 | D:1      | Reached XP level 3. HP: 16/28 MP: 4/4
   955 | D:2      | Found an iron altar of Okawaru.
  1008 | D:2      | Reached skill level 1 in Armour
  1407 | D:2      | Found a sacrificial altar of Ru.
  1706 | D:3      | Reached XP level 4. HP: 30/33 MP: 5/5
  1750 | D:3      | Killed from afar by an orc priest

Skill      XL: |  1  2  3 |
---------------+----------+-----
Short Blades   | 1 2 |  2.1
Dodging        | 2 |  2.3
Fighting       | 1 |  1.4
Armour         | 1 |  1.3
Stealth        | |  3.2
Spellcasting   | |  1.8
Hexes          | |  2.4

Action                   |  1- 3 |  4- 6 || total
-------------------------+-------+-------++-------
Melee: Dagger            |   166 |    27 ||   193
 Cast: Ensorcelled Hiber |     1 |     3 ||     4
  Use: Scroll            |     1 |       ||     1
       Potion            |       |     3 ||     3
 Stab: Sleeping          |     8 |       ||     8
  Eat: Chunk             |    16 |       ||    16
Armor: Robe              |    45 |     9 ||    54
Dodge: Dodged            |   111 |    18 ||   129
